 Dungeon Crawl Stone Soup version 0.28-a0-984-g3775c662fe (webtiles) character file.

Game seed: 4200065725460028550

8038 karkarkar the Severer (level 11, -10/77 (87) HPs)
             Began as a Hill Orc Fighter on Dec 3, 2021.
             Was a Priest of Hepliaklqana.
             Killed from afar by Josephine (35 damage)
             ... with a ghostly fireball
             ... on level 10 of the Dungeon.
             The game lasted 00:30:04 (9707 turns).

karkarkar the Severer (Hill Orc Fighter)            Turns: 9707, Time: 00:30:07

HP:   -10/77 (87)   AC: 16    Str: 24    XL:     11   Next: 24%
MP:   11/11         EV: 10    Int: 13    God:    Hepliaklqana [***...]
Gold: 273           SH:  4    Dex: 10    Spells: 10/10 levels left

rFire   . . .      SeeInvis .   a - +8 hand axe "Nobbae" {venom, Int+5}
rCold   . . .      Faith    +   c - +0 buckler
rNeg    . . .      Spirit   .   F - +0 plate armour
rPois   .          Reflect  .   g - +0 helmet
rElec   .          Harm     .   e - +1 cloak
rCorr   .          Rampage  +   (no gloves)
Will    +....                   t - +1 pair of boots {rampage}
Stlth   ..........              k - amulet of faith
HPRegen 0.22/turn               y - +4 ring of evasion
MPRegen 0.12/turn               p - ring of willpower

@: slowed, heavily drained, very slow
A: reduced essence
a: Renounce Religion, Recall Ancestor, Ancestor Identity, Transference


You were on level 10 of the Dungeon.
You worshipped Hepliaklqana.
Hepliaklqana was most pleased with you.
You visited 1 branch of the dungeon, and saw 10 of its levels.

You collected 594 gold pieces.
You spent 321 gold pieces at shops.

Inventory:

Hand Weapons
 a - the +8 hand axe "Nobbae" (weapon) {venom, Int+5}
   (You found it on level 9 of the Dungeon)

   It poisons the flesh of those it strikes.
   Int:       It affects your intelligence (+5).
 b - the +1 hand crossbow of Impeachment {elec, rN+ Dex+4 SInv Stlth+}
   (You found it on level 7 of the Dungeon)

   Any ammunition fired from it occasionally discharges a powerful burst of
   electricity upon striking a foe.
   Dex:       It affects your dexterity (+4).
   rN:        It protects you from negative energy.
   SInv:      It lets you see invisible.
   Stlth:     It makes you more stealthy.
Missiles
 l - 11 boomerangs
 w - 43 poisoned darts (quivered)
 x - 5 curare-tipped darts
 A - 37 bolts
 D - 2 atropa-tipped darts
Armour
 c - a +0 buckler (worn)
 e - a +1 cloak (worn)
 g - a +0 helmet (worn)
 h - a +1 scale mail of positive energy
 t - a +1 pair of boots of rampaging (worn)
 u - a +1 hat of willpower
 F - a +0 plate armour (worn)
Jewellery
 j - a ring of resist corrosion
 k - an amulet of faith (around neck)
 p - a ring of willpower (right hand)
 s - a ring of flight
 y - a +4 ring of evasion (left hand)
 H - an amulet of the acrobat
Wands
 B - a wand of acid (5)
Scrolls
 q - a scroll of teleportation
 r - 2 scrolls of fog
 v - 2 scrolls of magic mapping {unknown}
 z - a scroll of acquirement {unknown}
 C - a scroll of vulnerability {unknown}
 G - a scroll of blinking
 I - a scroll of holy word {unknown}
Potions
 d - 5 potions of curing
 f - a potion of attraction
 i - 2 potions of mutation {unknown}
 m - 4 potions of flight
 n - 3 potions of lignification
 o - a potion of brilliance {unknown}
 E - a potion of might


   Skills:
 - Level 9.6 Fighting
 - Level 16.0 Axes
 + Level 6.4 Crossbows
 - Level 2.5 Throwing
 - Level 3.3 Armour
 - Level 3.4 Stealth
 - Level 4.0 Shields
 + Level 1.4 Evocations


You had 10 spell levels left.
You didn't know any spells.
Your spell library contained the following spells:

 Spells                   Type           Power      Damage    Failure   Level
 Pain                     Necr           0%         1d4       99%         1
 Slow                     Hex            0%         N/A       99%         1
 Ensorcelled Hibernation  Hex/Ice        0%         N/A       100%        2
 Sublimation of Blood     Necr           0%         N/A       100%        2
 Confusing Touch          Hex            0%         N/A       100%        3
 Tukima's Dance           Hex            0%         N/A       100%        3
 Vampiric Draining        Necr           0%         2d6       100%        3
 Petrify                  Tmut/Erth      0%         N/A       100%        4
 Agony                    Necr           0%         N/A       100%        5
 Excruciating Wounds      Necr           0%         N/A       100%        5
 Irradiate                Conj/Tmut      0%         3d13      100%        5


Dungeon Overview and Level Annotations

Branches:
Dungeon (10/15)            Temple (0/1) D:7             Orc (0/2) D:9
   Lair: D:8-11

Altars:
Dithmenos
Elyvilon
Hepliaklqana
Kikubaaqudgha
Nemelex Xobeh
Wu Jian
Xom

Shops:
D:1 :   D:3 =*([*   D:6 (   D:8 =(

Annotations:
D:4 2 runed translucent doors
D:10 Josephine


Message History

Banana casts a spell at Josephine.
The stone arrow hits Josephine.
The wraith hits you but does no damage. The wraith closely misses you.
You hear a croak.
You hear an angry growl.
You hear two shouts!
You hear a shout! x2
You barely miss the wraith.
The wraith is heavily damaged.
You hit Josephine. You hit the wraith but do no damage.
You block Josephine's attack.
The wraith hits something!
The wraith drains something's vigour!
The wraith hits you! The wraith drains your vigour!
You feel as though you will be slow longer.
The wraith closely misses you.
Unknown command.
You are too injured to fight recklessly!
Unknown command.
Okay, then.
You slash Josephine!
Josephine looks as sick as possible!
Josephine is heavily wounded.
You hit the wraith. You hit the wraith but do no damage.
Josephine closely misses you.
The wraith hits something.
You block the wraith's attack. The wraith misses you.
You slash Josephine!
Josephine looks as sick as possible!
Josephine is severely wounded.
You hit the wraith but do no damage. You slash the wraith!
A bullfrog comes into view.
Josephine hits you but does no damage.
The wraith hits something!
The wraith hits you! The wraith hits you but does no damage.
You barely miss Josephine.
Josephine is severely wounded.
You slash the wraith! You hit the wraith. Josephine hits you with a +0 dagger.
The wraith hits something!
The wraith closely misses you. The wraith hits you but does no damage.
You slash Josephine!
Josephine is almost dead.
You hit the wraith. You hit the wraith but do no damage.
Josephine points at you and mumbles some strange words.
The ghostly flame explodes!
The ghostly fireball engulfs you!!
You feel drained.
You die...

...#...!.....#
..+.WWW.....#
....@..$...#
W......!..+
FWW§§....#
W@WW§..<.# #@#
#R# #§# #§# #.#
#.# #.#
#######.########
+...............


You could see the friendly Banana the battlemage, Josephine (extremely poisoned,
ally target), 5 wraiths and a bullfrog.

Vanquished Creatures
  Gastronok (D:8)
  2 trolls
  A hornet (D:9)
  4 yaks
  A wyvern (D:9)
  A wraith (D:10)
  Edmund (D:4)
  4 water moccasins
  3 orc warriors (D:9)
  A sky beast (D:6)
  An ice beast (D:7)
  5 necrophages
  A black bear (D:2)
  3 wolves (D:10)
  3 centaurs
  A phantom (D:5)
  2 kobold brigands
  A gnoll sergeant (D:4)
  2 bullfrogs
  2 scorpions
  7 killer bees
  2 bullfrog zombies (D:6)
  A centaur zombie (D:10)
  3 hounds
  A jelly (D:4)
  A gnoll shaman (D:7)
  4 iguanas
  2 orc priests
  Crazy Yiuf (D:3)
  Natasha (thrice) (D:3)
  6 orc wizards
  A killer bee zombie (D:8)
  A hound skeleton (D:4)
  A howler monkey zombie (D:5)
  6 gnolls (D:7)
  5 adders
  A shadow imp (D:6)
  2 ufetubi
  An adder skeleton (D:4)
  6 worms
  5 dart slugs
  16 orcs
  7 ball pythons
  5 endoplasms
  5 giant cockroaches
  5 goblins
  6 hobgoblins
  5 jackals
  20 kobolds
  A quokka (D:2)
  8 bats
  6 frilled lizards
  2 rats
186 creatures vanquished.

Vanquished Creatures (collateral kills)
  A two-headed ogre (D:8)
  Joseph (D:8)
  Grum (D:10)
  2 yaks
  A centaur (D:9)
  A kobold brigand (D:9)
  A bullfrog (D:9)
  2 killer bees (D:8)
  An electric eel (D:7)
  A centaur zombie (D:8)
  5 orc wizards
  2 gnolls (D:7)
  An orc (D:10)
  2 kobolds (D:8)
22 creatures vanquished.

Vanquished Creatures (others)
  A human (D:3)
  A fungus (D:10)
  A plant (D:10)
3 creatures vanquished.

Grand Total: 211 creatures vanquished

Notes
Turn   | Place    | Note
-------+----------+-------------------------------------------
     0 | D:1      | karkarkar the Hill Orc Fighter began the quest for the Orb.
     0 | D:1      | Reached XP level 1. HP: 19/19 MP: 1/1
    78 | D:1      | Reached XP level 2. HP: 26/27 MP: 2/2
   185 | D:1      | Reached skill level 3 in Axes
   288 | D:1      | Found a faded altar of an unknown god.
   772 | D:1      | Found Uzedoits's Book Emporium.
   867 | D:2      | Reached XP level 3. HP: 32/33 MP: 3/3
  1066 | D:2      | Reached skill level 4 in Axes
  1248 | D:2      | You fall into a shaft and drop 1 floor!
  1271 | D:3      | Reached XP level 4. HP: 40/41 MP: 4/4
  1284 | D:3      | Found Komat's Weapon Emporium.
  1646 | D:2      | Noticed a black bear
  1662 | D:2      | Killed a black bear
  1663 | D:2      | Reached skill level 5 in Axes
  1663 | D:2      | Reached XP level 5. HP: 33/47 MP: 5/5
  1912 | D:2      | Found a shimmering altar of Xom.
  2122 | D:3      | Noticed Natasha
  2130 | D:3      | Killed Natasha
  2131 | D:3      | Reached skill level 6 in Axes
  2196 | D:3      | Found Guqudod's Assorted Antiques.
  2211 | D:3      | Noticed Natasha
  2217 | D:3      | Killed Natasha
  2218 | D:3      | Reached XP level 6. HP: 50/55 MP: 6/6
  2295 | D:3      | Noticed Natasha
  2301 | D:3      | Killed Natasha
  2342 | D:3      | Found Jaqext's Jewellery Boutique.
  2401 | D:3      | Bought 5 boomerangs for 30 gold pieces
  2407 | D:3      | Found Osish's Antique Armour Shop.
  2457 | D:3      | Reached skill level 5 in Fighting
  2475 | D:3      | Found an ancient bone altar of Kikubaaqudgha.
  2500 | D:3      | Noticed a human
  2503 | D:3      | Killed a human
  2536 | D:3      | Found Goess's General Store.
  2715 | D:3      | Found a runed translucent door.
  2716 | D:3      | Noticed Crazy Yiuf
  2725 | D:3      | Killed Crazy Yiuf
  2726 | D:3      | Reached skill level 7 in Axes
  3041 | D:4      | Noticed Edmund
  3059 | D:4      | Killed Edmund
  3082 | D:4      | Reached skill level 8 in Axes
  3082 | D:4      | Reached skill level 1 in Throwing
  3082 | D:4      | Reached XP level 7. HP: 26/61 MP: 7/7
  3538 | D:4      | Found a large runed translucent door.
  3538 | D:4      | Found a large runed translucent door.
  3566 | D:4      | Found a large runed translucent door.
  3566 | D:4      | Found a large runed translucent door.
  3795 | D:4      | Reached skill level 9 in Axes
  4073 | D:4      | Reached skill level 1 in Stealth
  4073 | D:4      | Reached XP level 8. HP: 68/70 MP: 8/8
  4263 | D:5      | Entered Level 5 of the Dungeon
  4569 | D:5      | Reached skill level 10 in Axes
  4853 | D:5      | Found a large runed translucent door.
  4854 | D:5      | Found a large runed translucent door.
  4865 | D:5      | Found a hazy altar of Hepliaklqana.
  4878 | D:5      | Found a sparkling altar of Nemelex Xobeh.
  4899 | D:5      | Became a worshipper of Hepliaklqana the Forgotten
  5141 | D:6      | Reached skill level 11 in Axes
  5363 | D:6      | Reached XP level 9. HP: 74/79 MP: 9/9
  5445 | D:6      | Found Tucahauxt's Weapon Emporium.
  5590 | D:3      | Bought a +1 pair of boots of rampaging for 181 gold pieces
  5643 | D:3      | Bought a scroll labelled PUPPAUD MYWYIT for 22 gold pieces
  5643 | D:3      | Bought a scroll labelled XOTRASHY ZOPIF for 22 gold pieces
  5643 | D:3      | Bought a potion of curing for 66 gold pieces
  5720 | D:7      | Found a staircase to the Ecumenical Temple.
  5932 | D:6      | Reached * piety under Hepliaklqana
  6150 | D:7      | Identified the +1 hand crossbow of Impeachment {elec, rN+
                  | Dex+4 SInv Stlth+}
  6218 | D:7      | Reached skill level 12 in Axes
  6812 | D:7      | Found a shadowy altar of Dithmenos.
  7128 | D:8      | Reached ** piety under Hepliaklqana
  7130 | D:8      | Remembered your ancestor Banana as a battlemage
  7220 | D:8      | Noticed a two-headed ogre
  7223 | D:8      | Reached skill level 13 in Axes
  7230 | D:8      | Killed a two-headed ogre
  7231 | D:8      | Reached skill level 1 in Crossbows
  7414 | D:8      | Found Seucw's Jewellery Emporium.
  7454 | D:8      | Noticed Joseph
  7463 | D:8      | Killed Joseph
  7464 | D:8      | Reached skill level 14 in Axes
  7464 | D:8      | Reached XP level 10. HP: 59/81 MP: 10/10
  7580 | D:8      | Found Funeu's Antique Weapon Boutique.
  7710 | D:8      | Noticed Gastronok
  7725 | D:8      | Killed Gastronok
  7726 | D:8      | Reached skill level 15 in Axes
  8012 | D:8      | Found Zenafeit's Armour Shoppe.
  8356 | D:9      | Identified the +8 hand axe "Nobbae" {venom, Int+5}
  8391 | D:9      | Found a white marble altar of Elyvilon.
  8399 | D:9      | Reached skill level 16 in Axes
  8461 | D:9      | Reached *** piety under Hepliaklqana
  8559 | D:9      | Found a staircase to the Orcish Mines.
  8831 | D:9      | Reached XP level 11. HP: 87/87 MP: 11/11
  8838 | D:9      | Reached skill level 1 in Evocations
  8980 | D:9      | Reached skill level 5 in Crossbows
  9291 | D:10     | Entered Level 10 of the Dungeon
  9400 | D:10     | Noticed Grum
  9414 | D:10     | Killed Grum
  9664 | D:10     | Found an ornate altar of the Wu Jian Council.
  9695 | D:10     | Noticed Josephine
  9707 | D:10     | Killed from afar by Josephine

Illustrated notes

Levels and vault maps discovered:
D:1:      co_arrival_square_in_a_square_in_a_square, layout_loops_ring,
          serial_shops, nicolae_shop_hallway_plus,
          hellmonk_ecumenical_altar_heavens_door, minmay_misc_feat_tower
D:2:      layout_loops_corners, basic_altar
D:3:      layout_rooms, tgw_kikubaaqudgha, serial_shops, shop,
          nicolae_lakefront_shop, shop, nicolae_diamond_shop, shop,
          serial_park_tiny_2, minivault_4, uniq_crazy_yiuf_cottage, uniq_natasha
D:4:      layout_loops_ring, nrook_mini_vaults, minmay_hollow_rounded_squares,
          uniq_edmund
D:5:      layout_cave_pools, jmf_multi_god_temple2, kennysheep_crisscross,
          minmay_misc_feat_chi, kennysheep_generic_room_9
D:6:      layout_basic, serial_shops, nicolae_shop_behind_doors
D:7:      layout_loops_cross, lemuel_coloured_pillars_altar,
          minmay_temple_entry_offerings, minmay_misc_feat_pillars,
          grunt_decor_fettered, nrook_pool_corridor
D:8:      layout_basic, serial_shops, nicolae_take_the_stairs, shop,
          kennysheep_mini, nicolae_zen_rock_garden, uniq_joseph, uniq_gastronok
D:9:      layout_loops_ring, elyvilon_altar_5, david_orc_3, serial_glass,
          glass_columns_c, glass_columns_c, nicolae_figureground_sparkle
D:10:     layout_roguey, overflow_temple_1_default,
          grunt_lair_entry_orc_guard_hut, serial_shops, shop, uniq_grum,
          uniq_josephine

Skill      XL: |  1  2  3  4  5  6  7  8  9 10 11 |
---------------+----------------------------------+-----
Fighting       | 4 5 7 8 9 |  9.6
Axes           | 3 4 5 6 8 9 11 14 16 | 16.0
Shields        | 4 |  4.0
Throwing       | 1 2 |  2.5
Stealth        | 1 2 3 |  3.4
Crossbows      | 1 4 6 |  6.4
Evocations     | 1 |  1.4
Armour         | |  3.3

Action                   |  1- 3 |  4- 6 |  7- 9 | 10-12 || total
-------------------------+-------+-------+-------+-------++-------
Melee: War axe           |    85 |   118 |   242 |    33 ||   478
       Hand axe          |       |       |       |    97 ||    97
 Fire: Hand crossbow     |       |       |     8 |     1 ||     9
Throw: Boomerang         |       |    14 |    34 |       ||    48
       Dart              |       |     5 |    27 |    27 ||    59
Invok: Ancestor Life: Ba |       |       |     1 |       ||     1
       Ancestor Identity |       |       |     1 |       ||     1
Evoke: Wand              |       |       |       |     1 ||     1
  Use: Potion            |       |     1 |     2 |     1 ||     4
       Scroll            |       |     7 |     5 |     2 ||    14
 Stab: Invisible         |       |       |     2 |       ||     2
       Distracted        |       |       |     1 |     2 ||     3
Armor: Scale mail        |    44 |    63 |   103 |     7 ||   217
       Plate armour      |       |       |       |    46 ||    46
Dodge: Dodged            |    41 |    51 |    78 |    53 ||   223
Block: Buckler           |    15 |    33 |    37 |    24 ||   109

Table legend: (Time is in decaauts)
 A = Elapsed time spent in this place.
 B = Non-inter-level travel time spent in this place.
 C = Inter-level travel time spent in this place.
 D = Time resting spent in this place.
 E = Time spent auto-exploring this place.
 F = Levels seen in this place.
 G = Mean time per level.
                   A        B        C        D        E       F      G
               +--------+--------+--------+--------+--------+-----+--------+
         Total |   9722 |   9094 |    628 |    562 |   6999 |  10 |  972.2 |
       Dungeon |   9722 |   9094 |    628 |    562 |   6999 |  10 |  972.2 |
               +--------+--------+--------+--------+--------+-----+--------+

Top non-repeatable levels by time:
     D:4: 1492 daAuts
     D:8: 1162 daAuts
     D:3: 1080 daAuts
     D:2: 1065 daAuts
     D:7: 1036 daAuts
     D:6: 963 daAuts
     D:9: 857 daAuts
     D:1: 853 daAuts
     D:5: 809 daAuts
    D:10: 401 daAuts
